 Dungeon Crawl Stone Soup version 0.27.1-35-g4d5d836560 (webtiles) character file.

Game seed: 9572933356196859652

102 Froggeryz the Sneak (level 4, -4/29 HPs)
             Began as an Octopode Brigand on Mar 12, 2022.
             Slain by an orc (7 damage)
             ... on level 3 of the Dungeon.
             The game lasted 00:02:04 (2746 turns).

Froggeryz the Sneak (Octopode Brigand)              Turns: 2746, Time: 00:02:04

Health: -4/29      AC:  1    Str: 10    XL:     4   Next: 78%
Magic:  4/4        EV: 12    Int: 13    God:
Gold:   83         SH:  0    Dex: 14    Spells: 3/3 levels left

rFire    . . .     SeeInvis .   a - +2 dagger
rCold    . . .     Faith    .   (no shield)
rNeg     . . .     Spirit   .   (helmet restricted)
rPois    .         Reflect  .   (no amulet)
rElec    .         Harm     .   (no ring)
rCorr    .         Rampage  .   (no ring)
Will     .....                  (no ring)
Stlth    ++++......             (no ring)
HPRegen  0.09/turn              (no ring)
MPRegen  0.09/turn              (no ring)
                                (no ring)
                                (no ring)

@: no status effects
A: almost no armour, amphibious, 8 rings, camouflage 1, gelatinous body 1,
(nimble swimmer 1), tentacles
a: no special abilities


You were on level 3 of the Dungeon.
You visited 1 branch of the dungeon, and saw 3 of its levels.

You collected 83 gold pieces.

Inventory:

Hand Weapons
 a - a +2 dagger (weapon)
Missiles
 b - 22 poisoned darts (quivered)
 c - 2 curare-tipped darts
Armour
 k - a +0 buckler
Jewellery
 e - an amulet of magic regeneration
Scrolls
 i - 2 scrolls of teleportation {unknown}
 m - a scroll of fear {unknown}
Potions
 d - 4 potions of curing
 f - a potion of mutation {unknown}
 g - a potion of cancellation {unknown}
 h - a potion of haste {unknown}
 l - a potion of might


   Skills:
 - Level 2.0 Fighting
 * Level 4.6 Short Blades
 - Level 2.0 Throwing
 - Level 1.0 Dodging
 - Level 5.3 Stealth
 + Level 1.0 Shields


You had 3 spell levels left.
You didn't know any spells.
Your spell library contained the following spells:

 Spells                   Type           Power      Damage    Failure   Level
 Beastly Appendage        Tmut           0%         N/A       30%         1
 Eringya's Noxious Bog    Tmut/Pois      0%         N/A       100%        6
 Statue Form              Tmut/Erth      0%         N/A       100%        6
 Storm Form               Tmut/Air       0%         N/A       100%        7


Dungeon Overview and Level Annotations

Branches:
Dungeon (3/15)

Altars:
Okawaru


Innate Abilities, Weirdness & Mutations

You cannot wear most types of armour.
You are amphibious.
You can wear up to eight rings at the same time.
Your skin changes colour to match your surroundings (Stealth+).
Your rubbery body absorbs attacks. (AC +1, EV +1)
((You are camouflaged near water. (Stealth+)))
You have tentacles for arms and can constrict up to eight enemies at once.


Message History

You constrict the orc.
The orc struggles to escape constriction.
The orc barely misses you. The orc hits you with a +0 flail!
You hit the orc.
The orc is almost dead.
You constrict the orc. x2
You kill the orc!
The orc hits you with a +0 club. The orc closely misses you.
There are monsters nearby!
Unknown command.
You release your grip on the orc.
The orc hits you with a +0 flail.
The orc wizard gestures wildly while chanting.
The orc wizard flickers and vanishes!
Deactivating autopickup; reactivate with Ctrl-A.
The orc wizard casts a spell.
The orc wizard flickers and vanishes!
There is an open door here.
Things that are here:
a jackal corpse; a jackal corpse
There is a stone staircase leading up here.
You hit the orc. You grab the orc.
The orc is moderately wounded.
You constrict the orc. The orc closely misses you.
You hit the orc but do no damage.
The orc is heavily wounded.
You constrict the orc. The orc hits you with a +0 flail!
You hit the orc.
You kill the orc!
Your Shields skill increases to level 1!
You hit the orc. Your grab misses the orc.
The orc is moderately wounded.
The orc hits you with a +0 flail!
* * * LOW HITPOINT WARNING * * *
You hit the orc. You grab the orc.
The orc is heavily wounded.
You constrict the orc. You hit the orc.
The orc is severely wounded.
You constrict the orc. The orc hits you with a +0 flail!
You die...

#.........#
#)........#
#.....#...#
#....#.#..#
#...#._.#.#
#....#.#..#
#.#...#...#
#.#.....o.#
#.######.@#
#.######..#
#.........#
###########


You could see an orc.

Vanquished Creatures
  Jessica (D:2)
  2 adders (D:2)
  A worm (D:2)
  A dart slug (D:1)
  2 orcs (D:3)
  2 ball pythons
  5 endoplasms
  4 giant cockroaches
  6 goblins
  2 hobgoblins (D:2)
  3 jackals (D:3)
  5 kobolds
  2 quokkas
  2 bats
  7 frilled lizards
  4 rats
49 creatures vanquished.

Notes
Turn   | Place    | Note
-------+----------+-------------------------------------------
     0 | D:1      | Froggeryz the Octopode Brigand began the quest for the Orb.
     0 | D:1      | Reached XP level 1. HP: 14/14 MP: 1/1
   642 | D:1      | Reached XP level 2. HP: 19/19 MP: 2/2
  1459 | D:2      | Reached XP level 3. HP: 23/24 MP: 3/3
  1907 | D:2      | Found a faded altar of an unknown god.
  1922 | D:2      | Reached XP level 4. HP: 29/29 MP: 4/4
  1943 | D:2      | Noticed Jessica
  1948 | D:2      | Killed Jessica
  2385 | D:2      | Got Wara's Compendium of Aerial Shape Shifting
  2538 | D:3      | Found an iron altar of Okawaru.
  2741 | D:3      | Reached skill level 1 in Shields
  2746 | D:3      | Slain by an orc

Illustrated notes

Levels and vault maps discovered:
D:1:      amcnicky_arrival_feature_with_door, layout_loops_ring,
          minmay_lizard_king
D:2:      layout_rooms, shapermc_ecumenical_altar_acropolis, nrook_campfire,
          wad_floor_pattern_untrapped, minmay_hexomino_c4, uniq_jessica
D:3:      layout_basic, okawaru_metal_pillars_3, nicolae_uskayaw_suspiria

Skill      XL: |  1  2  3  4 |
---------------+-------------+-----
Short Blades   | 3 4 |  4.6
Shields        | 1 |  1.0
Fighting       | |  2.0
Throwing       | |  2.0
Dodging        | |  1.0
Stealth        | |  5.3

Action                   |  1- 3 |  4- 6 || total
-------------------------+-------+-------++-------
Melee: Dagger            |    58 |    44 ||   102
       Constrict         |    12 |    10 ||    22
       Tentacles         |     9 |    10 ||    19
Throw: Dart              |     1 |       ||     1
  Use: Scroll            |       |     2 ||     2
 Stab: Sleeping          |    10 |     2 ||    12
Armor: Skin              |       |     3 ||     3
Dodge: Dodged            |    16 |    22 ||    38
